 Dungeon Crawl Stone Soup version 0.17.0-9-g801d43b (console) character file.

85 gw the Magician (level 4, -6/32 HPs)
             Began as a Human Wizard on Nov 9, 2015.
             Mangled by a gnoll
             ... wielding a +0 halberd
              (12 damage)
             ... on level 3 of the Dungeon.
             The game lasted 00:02:06 (3163 turns).

gw the Magician (Human Wizard)                      Turns: 3163, Time: 00:02:07

Health: -6/32      AC:  7    Str:  7    XL:     4   Next: 75%
Magic:  0/9        EV: 11    Int: 19    God:
Gold:   107        SH:  0    Dex: 12    Spells: 1 memorised, 8 levels left

rFire  . . .     SeeInvis .     b - +0 flail
rCold  . . .     Clarity  .     i - +1 leather armour {rPois}
rNeg   . . .     SustAt   .     (no shield)
rPois  +         Gourm    .     h - +0 hat
rElec  .         Spirit   .     d - +0 cloak
rCorr  .         Warding  .     (no gloves)
rMut   .         Stasis   .     g - +1 pair of boots
MR     .....                    (no amulet)
Stlth  ++........               (no ring)
                                (no ring)

@: very slightly contaminated, not resistant to hostile enchantments, unstealthy
A: no striking features
a: no special abilities


You were on level 3 of the Dungeon.
You were not hungry.

You visited 1 branch of the dungeon, and saw 3 of its levels.

You collected 107 gold pieces.

Inventory:

Hand Weapons
 b - a +0 flail (weapon)
Missiles
 a - 2 tomahawks (quivered)
 e - 46 stones
 f - 7 poisoned needles
Armour
 d - a +0 cloak (worn)
 g - a +1 pair of boots (worn)
 h - a +0 hat (worn)
 i - a +1 leather armour of poison resistance (worn)
Books
 c - a book of Minor Magic

   Spells                             Type                      Level
   a - Magic Dart                     Conjuration                  1
   b - Blink                          Translocation                2
   c - Call Imp                       Summoning                    2
   d - Repel Missiles                 Charms/Air                   2
   e - Slow                           Hexes                        2
   f - Conjure Flame                  Conjuration/Fire             3
   g - Mephitic Cloud                 Conjuration/Poison/Air       3


   Skills:
 + Level 1.5 Fighting
 + Level 0.8 Maces & Flails
 + Level 1.3 Armour
 - Level 2.0 Dodging
 - Level 2.0 Stealth
 + Level 3.4 Spellcasting
 * Level 2.4 Conjurations
   Level 1.0 Summonings
   Level 1.0 Translocations


You had 8 spell levels left.
You knew the following spells:

 Your Spells              Type           Power        Failure   Level  Hunger
a - Magic Dart            Conj           ##..         10%         1    None


Dungeon Overview and Level Annotations

Branches:
Dungeon (3/15)

Altars:
Qazlal


Message History

MOVING TO (0,-2)
The gnoll barely misses you.
Unknown command.
Unknown command.
Unknown command.
MOVING TO (0,-1) Unknown command.
Unknown command.
Unknown command.
Casting: Magic Dart
Confirm with . or Enter, or press ? or * to list all spells.
Aiming: Magic Dart
Press: ? - help, Shift-Dir - straight line, f - gnoll
Aim: a gnoll, wielding a halberd You miscast Magic Dart.
You feel a strange surge of energy!
The gnoll hits you from afar with a halberd.
ATTACK MOVE TO (0,1)
The gnoll barely misses you.
The gnoll hits you from afar with a halberd!
You die...

#.# #.#.#####.
############.# ###.#.#####.
#....%.......###........##.
#.#######..........#.##.##.
#.# #.....###.###.##.##.
#.# ##...## ### #.......
#.# ##.## ####.###
######.## #.# #.# #.......#
#p# #.# #.####..# #g# #.#
#.# #...# #gg.# ...
#.###.#.# #.....# #.#
#.##....# #.......# #.#
##.......###........<# #.#
...........+.........+
##.........#.........#
#.........##.......##


You could see 3 gnolls.

Table legend:
 A = Turns spent in this place as a percentage of turns spent in the entire game.
 B = Non-inter-level travel turns spent in this place as a percentage of non-inter-level travel turns spent in the entire game.
 C = Inter-level travel turns spent in this place as a percentage of turns spent in this place.
 D = Turns resting spent in this place as a percentage of non-inter-level travel turns spent in this place.
 E = Turns spent auto-exploring this place as a percentage of non-inter-level travel turns spent in this place.
 F = Non-inter-level travel turns spent in this place divided by the number of levels of this place that you've seen.
                   A       B       C       D       E      F
               +-------+-------+-------+-------+-------+----------------------
         Total | 100.0 | 100.0 |   0.1 |   2.7 |   2.6 | 1074.3
       Dungeon | 100.0 | 100.0 |   0.1 |   2.7 |   2.6 | 1074.3
               +-------+-------+-------+-------+-------+----------------------

Table legend:
 A = Kills in this place as a percentage of kills in entire the game.
 B = Kills by you in this place as a percentage of kills by you in the entire game.
 C = Kills by friends in this place as a percentage of kills by friends in the entire game.
 D = Other kills in this place as a percentage of other kills in the entire game.
 E = Experience gained in this place as a percentage of experience gained in the entire game.
 F = Experience gained in this place divided by the number of levels of this place that you have seen.
                   A       B       C       D       E      F
               +-------+-------+-------+-------+-------+----------------------
         Total | 100.0 | 100.0 |  -nan |  -nan | 100.0 |  40.7
       Dungeon | 100.0 | 100.0 |  -nan |  -nan | 100.0 |  40.7
               +-------+-------+-------+-------+-------+----------------------

Vanquished Creatures
  2 adders
  A gnoll (D:3)
  2 giant geckos
  5 orcs (D:3)
  9 hobgoblins
  3 bats (D:2)
  2 giant cockroaches (D:1)
  A giant newt (D:1)
  5 goblins (D:1)
  6 jackals
  7 kobolds
  5 rats
48 creatures vanquished.

Notes
Turn   | Place    | Note
--------------------------------------------------------------
     0 | D:1      | gw the Human Wizard began the quest for the Orb.
     0 | D:1      | Reached XP level 1. HP: 13/13 MP: 4/4
   496 | D:1      | Reached XP level 2. HP: 15/20 MP: 1/6
   876 | D:1      | Reached skill level 1 in Fighting
  1130 | D:1      | Reached XP level 3. HP: 26/26 MP: 0/7
  1881 | D:2      | Found a stormy altar of Qazlal.
  2290 | D:2      | Reached XP level 4. HP: 32/32 MP: 5/9
  2833 | D:3      | Reached skill level 1 in Armour
  3163 | D:3      | Mangled by a gnoll

Action                   |  1- 3 |  4- 6 || total
-------------------------+-------+-------++-------
Melee: Whip              |    29 |    10 ||    39
Throw: Stone             |    14 |       ||    14
       Tomahawk          |     5 |     1 ||     6
 Cast: Magic Dart        |    67 |    42 ||   109
  Eat: Chunk             |     1 |     1 ||     2
       Bread ration      |     1 |       ||     1

Vault maps used:
D:1:      tarquinn_simple_flora_water_d
D:2:      nicolae_qazlal_eye_of_the_storm
